Map: Abyssal Reef LE

Players

Nerchio - Winner!

  • Race: Zerg Zerg
  • League: Grandmaster
  • Spawn Location: 11:00

DeMusliM

  • Race: Terran Terran
  • League: Grandmaster
  • Spawn Location: 5:00

Event: WESG Barcelona European Finals 2017

VOD

Have the link to the VOD?

Description

Time

  • Played on: Nov. 24, 2017, 9:05 a.m.
  • Length: 27:56

All games in this series

Show
View Real Time Build Order
Export as new Build Order

Nerchio Zerg - Winner!

Build Orders: Pool First 

Get SALT Encoding   

  12  0:00  Drone  
  13  0:12  Overlord  
  13  0:17  Drone  
  14  0:31  Drone x2  
  14  0:34  Drone  
  17  0:45  Spawning Pool  
  17  0:48  Drone  
  17  0:53  Extractor  
  17  0:56  Drone  
  17  1:15  Hatchery  
  17  1:18  Drone  
  17  1:31  Queen  
  19  1:34  Zergling x2  
  19  1:38  Zergling x2  
  21  1:43  Drone  
  22  1:50  Overlord  
  22  1:58  Metabolic Boost  
  22  2:08  Drone  
  23  2:10  Queen  
  23  2:15  Drone  
  26  2:21  Drone  
  27  2:28  Drone  
  28  2:35  Overlord  
  28  2:46  Drone x3  
  28  2:47  Drone  
  28  2:49  Queen  
  33  2:52  Overlord  
  33  2:55  Drone  
  34  3:02  Queen  
  36  3:09  Drone x2  
  38  3:15  Overlord  
  38  3:16  Drone  
  38  3:19  Drone x2  
  41  3:22  Drone  
  41  3:25  Drone  
  43  3:39  Hatchery  
  43  3:40  Drone  
  43  3:41  Drone  
  44  3:44  Queen  
  46  3:49  Zergling x4  
  46  3:53  Zergling x4  
  50  3:56  Drone  
  50  3:57  Drone x2  
  50  3:59  Drone  
  54  4:03  Overlord  
  54  4:06  Overlord  
  54  4:11  Baneling Nest  
  54  4:12  Drone x2  
  54  4:15  Overlord  
  55  4:18  Overlord  
  55  4:21  Drone  
  55  4:22  Drone  
  57  4:25  Drone x2  
  57  4:28  Overlord  
  57  4:30  Drone  
  60  4:33  Overlord  
  60  4:37  Queen  
  62  4:46  Zergling x4  
  64  4:55  Baneling x3, Spore Crawler  
  64  4:56  Baneling x2  
  64  4:58  Zergling x8  
  67  5:01  Zergling x6  
  67  5:02  Overlord  
  67  5:04  Drone  
  67  5:05  Drone  
  72  5:08  Drone  
  72  5:12  Baneling x2  
  73  5:17  Overlord  
  73  5:19  Drone x2  
  64  5:23  Drone  
  64  5:27  Drone x3  
  64  5:28  Drone x2  
  65  5:29  Drone, Overlord  
  65  5:30  Drone  
  67  5:39  Drone x2  
  67  5:40  Drone  
  67  5:42  Evolution Chamber  
  69  5:43  Evolution Chamber  
  69  5:48  Drone, Spore Crawler  
  69  5:49  Drone  
  69  5:52  Overlord  
  69  5:57  Lair, Drone x3, Hatchery  
  71  6:00  Drone  
  71  6:01  Drone  
  71  6:02  Drone  
  74  6:04  Queen  
  74  6:09  Drone  
  74  6:10  Drone x2  
  79  6:12  Drone  
  79  6:13  Drone, Extractor  
  79  6:14  Overlord, Extractor  
  78  6:20  Zerg Missile Weapons Level 1  
  78  6:21  Roach Warren, Extractor  
  78  6:22  Drone x2, Extractor  
  78  6:23  Drone  
  78  6:26  Drone  
  78  6:27  Drone x3  
  78  6:30  Overlord  
  82  6:33  Zergling x2  
  82  6:35  Zergling x4  
  82  6:36  Zergling x6  
  82  6:37  Zergling x2  
  89  6:40  Drone  
  89  6:43  Overlord  
  90  6:47  Overlord  
  90  6:51  Overlord  
  90  6:55  Drone x2  
  90  6:59  Hydralisk Den, Drone x3  
  90  7:00  Drone, Extractor, Glial Reconstitution  
  94  7:02  Drone  
  94  7:03  Drone  
  94  7:04  Drone x3  
  94  7:05  Overlord  
  94  7:07  Drone x2  
  101  7:10  Drone, Overlord  
  102  7:16  Zergling x4  
  102  7:21  Zerg Melee Weapons Level 1  
  104  7:25  Zergling x4  
  104  7:28  Hydralisk  
  104  7:29  Hydralisk x3, Muscular Augments  
  114  7:30  Hydralisk  
  114  7:32  Hydralisk  
  114  7:33  Extractor  
  114  7:35  Hydralisk x2  
  121  7:38  Hydralisk  
  121  7:42  Overlord  
  123  7:45  Baneling x3  
  123  7:46  Baneling x2  
  123  7:50  Hydralisk  
  124  7:51  Zergling x2  
  124  7:52  Zergling x6  
  128  7:59  Infestation Pit, Extractor  
  128  8:00  Hydralisk x2  
  128  8:01  Hatchery  
  129  8:08  Hydralisk x3  
  123  8:14  Drone x6  
  123  8:16  Zerg Missile Weapons Level 2  
  123  8:18  Overlord  
  128  8:21  Hydralisk x2  
  128  8:23  Overlord  
  129  8:29  Roach x4  
  129  8:31  Roach  
  139  8:35  Roach x2  
  139  8:36  Roach  
  139  8:37  Roach  
  139  8:39  Roach  
  139  8:40  Roach  
  151  8:41  Roach  
  151  8:44  Roach x2  
  151  8:46  Roach x2  
  151  8:48  Roach  
  163  8:51  Roach x2  
  163  8:52  Roach  
  163  8:55  Pneumatized Carapace  
  169  8:58  Overlord  
  169  8:59  Roach x2  
  173  9:05  Overlord  
  173  9:10  Overlord  
  173  9:13  Overlord, Hive  
  171  9:27  Roach x2  
  171  9:28  Roach x4  
  169  9:32  Hydralisk x5  
  169  9:33  Hydralisk x2  
  169  9:37  Zerg Melee Weapons Level 2  
  177  9:39  Overlord  
  177  9:40  Hydralisk x4  
  177  9:45  Hydralisk x3  
  181  9:51  Hydralisk x2  
  181  9:52  Hydralisk  
  189  9:53  Hydralisk  
  189  9:57  Hydralisk x2  
  193  10:05  Overlord  
  193  10:18  Extractor  
  193  10:19  Hydralisk x4  
  200  10:21  Extractor  
  200  10:25  Hatchery  
  198  10:30  Overlord  
  198  10:36  Zerg Missile Weapons Level 3  
  198  10:40  Hydralisk x3  
  198  10:41  Hydralisk  
  196  10:45  Roach x6  
  180  10:50  Roach x5  
  180  10:51  Roach  
  180  10:54  Roach x4  
  180  10:55  Roach  
  180  10:57  Roach x2  
  182  10:59  Roach x3  
  182  11:02  Viper  
  151  11:07  Drone x2  
  151  11:08  Drone x3  
  151  11:09  Drone  
  155  11:11  Hydralisk  
  155  11:12  Hydralisk x2  
  155  11:13  Hydralisk  
  155  11:16  Hydralisk  
  165  11:19  Hydralisk x2  
  165  11:22  Hydralisk x2  
  173  11:28  Hydralisk x2  
  173  11:29  Hydralisk  
  177  11:36  Hydralisk  
  177  11:37  Hydralisk x3  
  175  11:40  Hydralisk  
  177  11:47  Viper  
  180  11:55  Viper  
  177  12:07  Viper  
  177  12:16  Hydralisk x7  
  191  12:24  Hatchery  
  190  12:34  Hydralisk  
  190  12:35  Hydralisk  
  194  12:39  Hydralisk x3  
  200  12:48  Hydralisk  
  200  12:49  Hydralisk  
  200  13:03  Roach  
  200  13:04  Roach x3  
  200  13:05  Hatchery  
  183  13:13  Roach x10  
  183  13:15  Roach x2  
  183  13:16  Roach x2  
  200  13:21  Roach  
  196  13:28  Roach x2  
  196  13:30  Roach x2  
  196  13:31  Roach  
  196  13:32  Roach  
  196  13:33  Hydralisk x2  
  196  13:34  Hydralisk  
  196  13:35  Hydralisk  
  196  13:39  Hydralisk x2  
  200  13:47  Hydralisk  
  200  13:48  Hydralisk  
  200  13:54  Hydralisk x8  
  196  13:58  Hydralisk  
  196  14:01  Viper x2  
  190  14:20  Viper x4  
  198  14:26  Roach  
  198  14:28  Hatchery  
  199  14:32  Zerg Melee Weapons Level 3  
  195  14:55  Hydralisk x3  
  199  15:16  Evolution Chamber x4  
  184  15:35  Roach x7  
  168  15:36  Roach x6  
  170  15:46  Hydralisk  
  170  15:47  Hydralisk x6  
  170  15:49  Roach x6  
  172  15:50  Roach x3  
  172  15:51  Roach  
  172  15:52  Queen  
  172  15:55  Queen  
  172  15:58  Roach  
  172  16:00  Roach x2  
  172  16:01  Roach x3  
  172  16:02  Hydralisk x3  
  172  16:03  Hydralisk x4  
  198  16:05  Hydralisk  
  194  16:35  Hydralisk  
  194  16:36  Hydralisk x2  
  186  16:59  Hydralisk x12  
  186  17:00  Hydralisk x7  
  198  17:04  Hydralisk x3  
  186  17:12  Hydralisk x3  
  186  17:15  Hydralisk  
  186  17:19  Zerg Ground Armor Level 1  
  186  17:21  Hydralisk  
  186  17:23  Hydralisk  
  186  17:26  Hydralisk  
  186  17:28  Hydralisk  
  186  17:29  Hydralisk  
  165  17:59  Roach x9  
  165  18:00  Roach x2  
  171  18:09  Roach x11  
  177  18:16  Hydralisk x3  
  183  18:22  Overlord x3  
  183  18:25  Hydralisk x2  
  177  18:29  Drone x3  
  180  18:35  Roach x2  
  180  18:38  Overlord x3  
  157  18:48  Roach x4  
  157  18:52  Viper x2  
  157  18:53  Viper  
  150  18:57  Roach x3  
  150  19:01  Roach  
  150  19:02  Roach x2  
  148  19:05  Roach  
  148  19:06  Roach  
  148  19:08  Roach  
  148  19:09  Roach  
  152  19:11  Viper  
  152  19:16  Viper x2  
  155  19:18  Viper  
  155  19:20  Viper  
  155  19:22  Viper  
  154  19:25  Viper  
  154  19:28  Viper  
  154  19:30  Roach x2  
  164  19:33  Roach  
  164  19:38  Roach x3  
  172  19:39  Roach  
  172  19:43  Roach x2  
  172  19:44  Roach  
  180  19:46  Roach  
  180  19:49  Roach x2  
  180  19:50  Roach  
  188  19:53  Roach  
  188  19:57  Roach  
  188  19:58  Roach x2  
  193  20:08  Roach  
  193  20:09  Roach x3  
  191  20:16  Hydralisk  
  191  20:17  Hydralisk x4  
  191  20:18  Hydralisk x2  
  180  20:26  Hydralisk x4  
  188  20:31  Hydralisk x2  
  188  20:35  Hydralisk x2  
  196  20:39  Hydralisk  
  196  20:40  Hydralisk  
  196  21:03  Roach  
  196  21:04  Roach  
  200  21:11  Hydralisk  
  194  21:20  Hydralisk  
  194  21:21  Hydralisk x10  
  186  21:25  Hydralisk  
  186  21:26  Hydralisk x7  
  199  21:32  Extractor x2  
  199  21:36  Extractor  
  199  21:38  Hydralisk x2  
  186  21:55  Viper  
  186  21:57  Hydralisk x3  
  193  22:05  Roach x2  
  193  22:06  Roach  
  199  22:09  Hatchery  
  199  22:14  Drone x2  
  200  22:26  Evolution Chamber  
  200  22:28  Evolution Chamber  
  200  22:29  Evolution Chamber  
  185  22:31  Hydralisk x5  
  191  22:40  Evolution Chamber  
  191  22:41  Evolution Chamber  
  191  22:42  Roach x4  
  177  22:45  Extractor  
  177  22:48  Roach x2  
  173  22:57  Drone  
  173  22:58  Drone x4  
  178  23:09  Extractor  
  178  23:10  Extractor  
  178  23:12  Viper  
  162  23:15  Drone x3  
  162  23:18  Extractor  
  162  23:19  Roach x2  
  163  23:21  Extractor  
  163  23:22  Drone x3  
  164  23:36  Roach x8  
  164  23:40  Overlord  
  179  23:44  Drone x2  
  179  23:45  Drone  
  182  23:54  Viper x2, Hatchery  
  187  24:01  Hydralisk x4  
  189  24:11  Drone x3  
  192  24:18  Hydralisk x3  
  192  24:19  Hydralisk, Spore Crawler  
  199  24:38  Hydralisk x2  
  199  24:46  Spire  
  184  25:01  Hydralisk x3  
  184  25:02  Hydralisk x6  
  200  25:17  Hydralisk x5  
  188  25:41  Roach  
  188  25:42  Roach x11  
  200  25:48  Hydralisk  
  200  25:55  Spire  
  199  26:24  Roach x7  
  199  26:31  Hydralisk  
  199  26:32  Hydralisk  
  191  26:40  Hatchery  
  183  26:48  Hatchery  
  183  26:51  Roach x17  
  183  26:52  Roach  
  183  26:53  Roach x2  
  196  26:58  Roach  
  196  26:59  Roach x4  
  196  27:02  Roach x2  
  196  27:06  Hydralisk x2  
  189  27:21  Hydralisk x3, Roach  
  189  27:22  Hydralisk x6, Roach  
Show
View Real Time Build Order
Export as new Build Order

DeMusliM Terran 

Build Orders: Liberator Opening, Mech 

Get SALT Encoding   

  12  0:00  SCV  
  13  0:13  SCV  
  14  0:17  Supply Depot  
  14  0:25  SCV  
  15  0:28  Refinery  
  15  0:39  SCV  
  16  0:46  Barracks  
  16  0:51  SCV  
  17  1:03  SCV  
  18  1:15  SCV  
  19  1:33  Marine, Orbital Command  
  20  1:43  Command Center  
  20  1:53  Factory  
  20  1:57  Barracks Reactor  
  20  2:00  SCV  
  21  2:08  Supply Depot  
  21  2:12  SCV  
  22  2:16  Refinery  
  22  2:24  SCV  
  23  2:36  SCV, Marine x2  
  26  2:47  Starport  
  26  2:48  SCV  
  26  2:50  Widow Mine  
  28  2:56  Marine x2  
  30  3:02  SCV  
  30  3:05  Orbital Command  
  31  3:14  SCV  
  32  3:25  Medivac  
  32  3:26  SCV  
  39  3:27  Hellion x2  
  39  3:30  SCV  
  39  3:32  Marine  
  41  3:37  Liberator  
  41  3:38  Supply Depot  
  41  3:39  SCV  
  42  3:42  SCV  
  42  3:47  Armory  
  46  3:59  SCV x2  
  46  4:01  Hellion  
  50  4:03  Hellion  
  52  4:12  SCV x2, Supply Depot  
  54  4:24  SCV x2, Hellion  
  56  4:25  Hellion  
  60  4:36  SCV x2  
  60  4:37  Supply Depot  
  62  4:43  Viking  
  64  4:48  SCV x2  
  64  4:52  Hellion x2  
  70  5:00  SCV  
  70  5:01  SCV  
  72  5:13  SCV, Command Center  
  73  5:16  Factory  
  73  5:18  SCV  
  63  5:22  Hellion  
  63  5:23  Hellion  
  63  5:25  SCV  
  63  5:27  Refinery  
  63  5:28  Refinery  
  56  5:31  Factory  
  56  5:33  Starport Reactor  
  54  5:36  SCV  
  54  5:39  SCV  
  56  5:48  SCV  
  57  5:51  SCV  
  57  5:54  Armory  
  57  5:55  Hellion x2  
  62  6:00  SCV  
  62  6:01  Factory Tech Lab  
  62  6:03  SCV  
  64  6:12  SCV  
  64  6:15  SCV  
  64  6:17  Hellion x2  
  70  6:18  Supply Depot  
  70  6:19  Factory Tech Lab  
  70  6:23  Terran Vehicle Weapons Level 1  
  70  6:24  Thor, SCV  
  77  6:27  Supply Depot, Orbital Command  
  77  6:28  SCV  
  78  6:36  Infernal Pre-Igniter  
  78  6:37  Thor  
  84  6:41  Hellion  
  84  6:44  SCV x2  
  88  6:49  Medivac  
  88  6:51  Medivac  
  92  6:56  SCV x2, Orbital Command  
  94  7:03  Refinery  
  94  7:04  Refinery  
  94  7:06  Hellion x2  
  94  7:08  SCV x2  
  99  7:13  Engineering Bay  
  100  7:20  SCV x2, Siege Tank  
  105  7:25  Siege Tank  
  105  7:27  SCV, Terran Vehicle And Ship Armor Level 1  
  109  7:34  SCV x2, Supply Depot  
  111  7:39  SCV  
  112  7:46  SCV x2  
  112  7:47  Hellion  
  116  7:52  SCV  
  116  7:55  Siege Tank  
  116  7:56  Hellion  
  116  7:57  Siege Tank  
  125  8:08  Factory, Hellion  
  125  8:10  Factory  
  119  8:16  SCV x2  
  119  8:17  SCV, Hellion  
  122  8:20  Viking x2  
  122  8:21  Command Center  
  122  8:24  Missile Turret  
  122  8:28  Hellion  
  122  8:33  Supply Depot  
  122  8:34  Supply Depot  
  124  8:40  Missile Turret x2  
  124  8:42  Hellion x2  
  124  8:43  Siege Tank  
  124  8:44  Terran Vehicle Weapons Level 2  
  131  8:56  Thor, Factory Reactor, Factory Tech Lab  
  137  9:06  Supply Depot x2  
  137  9:07  Hellion x2  
  137  9:08  Supply Depot  
  138  9:25  Siege Tank  
  138  9:26  Siege Tank  
  138  9:29  Hellion x2  
  143  9:32  SCV x2  
  143  9:34  Hellion x6  
  143  9:36  Refinery  
  141  9:39  Siege Tank  
  141  9:41  Medivac x2, Terran Vehicle And Ship Armor Level 2  
  144  9:51  Hellion x2  
  146  9:57  Siege Tank  
  149  10:01  Supply Depot  
  149  10:04  SCV x2, Supply Depot  
  149  10:05  Supply Depot  
  151  10:18  Siege Tank x2  
  151  10:19  Hellion x4  
  151  10:21  Planetary Fortress  
  165  10:25  SCV x3  
  168  10:29  Hellion, Refinery  
  168  10:31  Missile Turret  
  168  10:33  Refinery  
  170  10:37  SCV  
  146  10:50  SCV x3, Siege Tank x2  
  146  10:56  Siege Tank  
  129  10:57  SCV  
  124  11:07  SCV x2, Supply Depot  
  124  11:08  SCV  
  127  11:12  SCV  
  127  11:16  Supply Depot  
  128  11:19  SCV  
  128  11:21  SCV  
  128  11:22  SCV, Siege Tank  
  128  11:23  Siege Tank  
  128  11:24  SCV, Hellion x2  
  142  11:32  Siege Tank  
  145  11:39  Supply Depot  
  144  11:43  SCV x2  
  144  11:46  Terran Vehicle Weapons Level 3  
  146  11:48  SCV x2  
  148  11:54  Siege Tank, Refinery  
  148  11:55  SCV x2  
  148  12:00  SCV, Viking x2  
  158  12:01  Terran Vehicle And Ship Armor Level 3  
  158  12:07  Siege Tank x2  
  162  12:20  Hellion x2  
  162  12:21  Hellion  
  166  12:26  Siege Tank  
  169  12:30  Viking  
  169  12:32  Hellion, Viking  
  175  12:39  Siege Tank x2  
  175  12:42  Hellion  
  175  12:43  Hellion x2  
  187  12:54  Hellion  
  189  12:59  Siege Tank  
  189  13:00  Viking  
  189  13:12  Hellion  
  180  13:13  Hellion  
  180  13:16  Siege Tank  
  172  13:20  Hellion x2  
  169  13:27  SCV x2  
  169  13:30  SCV x2  
  169  13:31  Siege Tank  
  169  13:34  Hellion  
  162  13:39  SCV x2  
  150  13:42  SCV  
  150  13:43  SCV, Factory  
  150  13:45  Factory  
  150  13:46  Factory, Hellion x2  
  150  13:47  Hellion  
  160  13:48  Siege Tank  
  139  13:58  Hellion  
  139  14:00  SCV x2  
  139  14:03  Siege Tank  
  139  14:07  Hellion  
  139  14:08  Hellion x2  
  138  14:13  SCV  
  136  14:20  Siege Tank  
  136  14:24  SCV x2  
  139  14:35  Siege Tank  
  142  14:40  Terran Ship Weapons Level 1  
  142  14:42  Starport  
  142  14:44  Starport  
  142  14:47  Factory Tech Lab x3  
  142  14:48  Hellion x3  
  142  14:52  Siege Tank  
  139  14:57  SCV x2  
  139  14:59  Hellion  
  140  15:07  Siege Tank  
  140  15:09  Hellion  
  140  15:10  Engineering Bay  
  140  15:11  Siege Tank x2  
  140  15:13  SCV x2  
  153  15:15  Supply Depot x2  
  153  15:18  Siege Tank  
  153  15:19  Viking  
  158  15:24  Supply Depot x2, Siege Tank  
  123  15:38  Hellion x2  
  123  15:39  Hellion, Siege Tank  
  126  15:43  Siege Tank x2  
  126  15:52  Hellion, Siege Tank  
  126  15:54  SCV  
  132  15:57  Hellion  
  132  16:06  Viking x2  
  136  16:21  Siege Tank  
  136  16:22  Siege Tank  
  136  16:23  Hellion, Siege Tank  
  136  16:24  Hellion  
  136  16:25  Hellion x2  
  153  16:37  Viking x2  
  151  16:50  Siege Tank x2  
  151  16:51  Hellion x2  
  151  16:53  Orbital Command  
  135  17:02  Siege Tank x2  
  135  17:03  Hellion, Siege Tank  
  135  17:04  SCV x2  
  135  17:06  Hellion  
  134  17:17  Hellion  
  134  17:22  Siege Tank x2  
  142  17:24  SCV x3, Hellion  
  147  17:30  Hellion  
  147  17:35  SCV, Hellion  
  147  17:36  SCV  
  153  17:40  Missile Turret  
  153  17:49  Siege Tank  
  153  17:50  Hellion  
  152  17:54  Siege Tank  
  120  18:07  Hellion, Siege Tank  
  120  18:08  Hellion x2, Siege Tank  
  120  18:11  Hellion  
  121  18:13  Viking x2  
  125  18:21  Siege Tank  
  125  18:26  Siege Tank  
  127  18:29  Hellion x2  
  127  18:31  Hellion  
  133  18:36  Command Center  
  133  18:39  Siege Tank  
  123  18:50  Siege Tank  
  123  18:54  Siege Tank  
  113  18:58  Siege Tank  
  113  18:59  Hellion  
  105  19:11  Siege Tank  
  107  19:17  Orbital Command  
  107  19:20  Hellion  
  107  19:22  Siege Tank  
  111  19:26  Siege Tank  
  111  19:31  Siege Tank  
  117  19:43  Hellion x2, Siege Tank  
  117  19:45  SCV  
  125  19:48  SCV  
  126  19:54  Siege Tank  
  126  19:58  Siege Tank  
  130  20:13  Siege Tank  
  124  20:15  Siege Tank  
  124  20:17  Viking x2  
  125  20:22  SCV  
  125  20:23  SCV x2  
  128  20:32  Refinery  
  128  20:33  Refinery  
  128  20:34  SCV  
  128  20:35  SCV x2  
  131  20:47  SCV x3  
  127  21:15  Siege Tank  
  127  21:16  Factory Tech Lab x2  
  112  21:34  Viking  
  112  21:35  Viking  
  116  21:47  Siege Tank  
  119  21:55  Factory Tech Lab  
  119  21:57  Siege Tank x2  
  116  22:06  Hellion  
  118  22:15  Hellion  
  120  22:20  Siege Tank  
  123  22:23  Siege Tank  
  123  22:29  Siege Tank  
  121  22:30  Hellion, Siege Tank  
  117  22:49  Hellion  
  115  22:52  Hellion, Siege Tank  
  120  23:02  SCV x3  
  123  23:07  Hellion, Siege Tank x2  
  125  23:20  Viking  
  125  23:24  Siege Tank  
  130  23:29  Siege Tank  
  131  23:37  Viking  
  131  23:39  Hellion x2  
  137  23:48  Thor  
  137  23:50  Viking  
  140  24:08  Siege Tank x2  
  146  24:14  Siege Tank  
  149  24:31  Siege Tank  
  149  24:32  Hellion x2  
  153  24:40  Hellion  
  153  24:41  Supply Depot  
  153  24:43  Supply Depot x2  
  143  25:00  Siege Tank x2  
  143  25:01  Viking  
  151  25:13  Viking  
  153  25:18  Hellion x2  
  153  25:19  Hellion  
  145  25:48  Siege Tank x2  
  149  25:56  Hellion x2  
  118  26:26  Hellion  
  110  27:01  Command Center  
Tags
 
Add a new tag
Caveats
  • Supply blocks, unpowered buildings, or Contaminate may cause inaccurate times.
  • Supply counts are checked every 10 seconds.